 Dungeon Crawl Stone Soup version 0.22.1-1-ga44c0e56f4 (webtiles) character file.

7399 Narretz the Cleaver (level 10, -5/118 HPs)
             Began as a Demonspawn Berserker on Nov 7, 2018.
             Was a High Priest of Trog.
             Slain by an orc warrior
             ... wielding a +0 trident
              (9 damage)
             ... on level 10 of the Dungeon.
             The game lasted 00:53:52 (9657 turns).

Narretz the Cleaver (Demonspawn Berserker)          Turns: 9657, Time: 00:53:53

Health: -5/118     AC: 25    Str: 22    XL:     10   Next: 92%
Magic:  10/10      EV:  2    Int:  9    God:    Trog [*****.]
Gold:   495        SH:  0    Dex: 13    Spells: 9/9 levels left

rFire    . . .     SeeInvis +   a - +0 war axe
rCold    . . .     Gourm    .   (no shield)
rNeg     + + +     Faith    .   (armour currently unavailable)
rPois    +         Spirit   .   (helmet currently unavailable)
rElec    .         Reflect  .   (cloak currently unavailable)
rCorr    .         Harm     .   (gloves currently unavailable)
MR       .....     NoTele   +   (boots currently unavailable)
Stlth    ++........             s - amulet of regeneration
HPRegen  0.69/turn              r - +2 ring of strength
MPRegen  0.12/turn              o - ring of see invisible

@: tree-form, hasted, very quick
A: demonic guardian 1, flame cloud immunity
a: Berserk, Trog's Hand, Brothers in Arms, Renounce Religion


You were on level 10 of the Dungeon.
You worshipped Trog.
Trog was extremely pleased with you.
You were not hungry.
You were a tree.
You visited 1 branch of the dungeon, and saw 10 of its levels.

You collected 495 gold pieces.

Inventory:

Hand Weapons
 a - a +0 war axe (weapon)
 g - a +0 hunting sling
 I - a +6 antimagic great mace
Missiles
 f - 38 sling bullets
 k - 108 stones (quivered)
Armour
 d - a +0 pair of boots (melded)
 v - a +0 chain mail
 E - a +0 plate armour
 H - a +0 scale mail (melded)
Jewellery
 o - a ring of see invisible (right branch)
 q - an uncursed ring of positive energy
 r - a +2 ring of strength (left branch)
 s - an amulet of regeneration (around neck)
 D - an uncursed amulet of harm
Wands
 A - a wand of random effects (28)
Scrolls
 b - a scroll of identify
 h - 4 scrolls of immolation
 j - 3 scrolls of teleportation
 l - 4 scrolls of fog {unknown}
 t - a scroll of enchant weapon {unknown}
 u - a scroll of fear {unknown}
 y - a scroll of noise {unknown}
 B - a scroll of blinking {unknown}
 G - 3 scrolls of amnesia {unknown}
Potions
 e - 3 potions of haste
 i - a potion of flight {unknown}
 m - a potion of mutation {unknown}
 n - a potion of agility {unknown}
 p - 3 potions of curing
 w - a potion of heal wounds {unknown}
 x - 3 potions of lignification
 z - 4 potions of brilliance {unknown}
 C - a potion of degeneration {unknown}
 F - a potion of invisibility {unknown}
Comestibles
 c - 29 rations


   Skills:
 + Level 7.4 Fighting
 + Level 10.0 Axes
 + Level 0.1(6.2) Maces & Flails
 + Level 3.7 Slings
 + Level 8.5 Armour
 + Level 4.9 Dodging
 - Level 1.0 Stealth
 + Level 0.4 Evocations


You had 9 spell levels left.
You didn't know any spells.
Your spell library was empty.

Dungeon Overview and Level Annotations

Branches:
Dungeon (10/15)            Temple (0/1) D:7
   Lair: D:8-11         Orc: D:9-12

Altars:
Ashenzari
Elyvilon
Fedhas
Kikubaaqudgha
Makhleb
Ru
Sif Muna
Trog
Uskayaw
Yredelemnul
The Shining One

Shops:
D:6 ?   D:8 }

Annotations:
D:10 exclusion: upstairs


Innate Abilities, Weirdness & Mutations

((You have sharp fingernails.))
((You are mostly covered in iridescent scales. (AC +4)))
A weak demonic guardian rushes to your aid.
((Your flesh is heat resistant. (rF+)))
You are immune to clouds of flame.


Message History

The orc warrior hits you with a trident.
You swap places.
Your shadow imp gestures at the orc warrior.
The orc warrior struggles to resist.
The orc priest mumbles some strange prayers to Beogh against you.
Beogh smites you!
* * * LOW HITPOINT WARNING * * *
A killer bee comes into view.
It was a potion of haste.
You feel yourself speed up.
Your shadow imp closely misses the orc warrior.
The orc warrior hits you from afar with a trident!!
* * * LOW HITPOINT WARNING * * *
A killer bee comes into view.
Okay, then.
It was a potion of lignification.
You turn into a tree.
Your +0 pair of boots melds into your body.
Your +0 scale mail melds into your body.
Your roots penetrate the ground.
Your shadow imp misses the orc warrior.
The orc warrior hits you from afar with a trident!
You die...

....# ####'#####. ....# ##.#
#....##..... ....# #..#
......$.... ##### #.##
#.......... # #.# #.......... o
# #.# #..........Z. ## ##.#
##oy..........
.##########..######oZh.y........
.+.)[...........♣5ooooy)# .....
.#########.########goh†.##......
.# #.# #..≈.......# .# ##.#
#..........# .# #†.#
##............ .# #.##
#............ ## #.#
########+#### ##'#########
#..........#


You could see an orc warrior, 3 killer bees, an orc priest, 4 orcs, 2 jackals, a
goblin, a centaur skeleton and a friendly shadow imp.

Vanquished Creatures
  Harold (D:8)
  A two-headed ogre (D:8)
  Pikel (D:6)
  A queen bee (D:10)
  Sigmund (D:2)
  A human (D:9)
  3 yaks (D:9)
  3 hogs (D:9)
  Menkaure (D:4)
  A warg (D:10)
  2 water moccasins
  Duvessa (D:4)
  3 orc warriors
  2 slaves (D:6)
  2 ice beasts
  A phantom (D:5)
  2 sky beasts
  3 centaurs
  An ogre (D:9)
  3 bullfrogs
  Blork the orc (D:6)
  21 killer bees
  2 vampire bats (D:2)
  5 wights (D:7)
  2 howler monkeys
  A crimson imp (D:5)
  2 bullfrog skeletons
  10 orc priests
  2 hounds (D:8)
  A jelly (D:6)
  2 iguanas
  Ijyb (D:5)
  7 orc wizards
  6 worker ants
  A hound skeleton (D:5)
  3 gnolls (D:5)
  A howler monkey skeleton (D:4)
  8 adders
  3 shadow imps
  4 oozes
  3 adder skeletons
  6 worms
  4 dart slugs
  4 leopard geckos
  28 orcs
  8 bats
  3 bat skeletons (D:2)
  3 bat zombies (D:2)
  4 giant cockroaches
  8 goblins
  8 hobgoblins
  10 jackals
  10 kobolds
  2 quokkas
  4 ball pythons
  6 frilled lizards
  A jackal skeleton (D:5)
  A quokka skeleton (D:5)
  7 rats
237 creatures vanquished.

Vanquished Creatures (collateral kills)
  A phantom (D:8)
  An ice beast (D:7)
  A sky beast (D:6)
  A bullfrog (D:8)
  Dowan (D:4)
  2 killer bees (D:10)
  3 orc priests
  An orc wizard (D:8)
  An adder (D:7)
  An orc (D:3)
13 creatures vanquished.

Vanquished Creatures (others)
  2 orc wizards
2 creatures vanquished.

Grand Total: 252 creatures vanquished

Notes
Turn   | Place    | Note
-------+----------+-------------------------------------------
     0 | D:1      | Narretz the Demonspawn Berserker began the quest for the
                  | Orb.
     0 | D:1      | Reached XP level 1. HP: 18/18 MP: 1/1
    98 | D:1      | Gained mutation: Your flesh is heat resistant. (rF+)
                  | [demonic ancestry]
    98 | D:1      | Reached XP level 2. HP: 14/24 MP: 2/2
   165 | D:1      | Reached skill level 3 in Axes
   325 | D:1      | Gained mutation: You are immune to clouds of flame.
                  | [demonic ancestry]
   325 | D:1      | Reached XP level 3. HP: 29/29 MP: 3/3
   545 | D:1      | Reached ** piety under Trog
  1071 | D:2      | Noticed Sigmund
  1085 | D:2      | Killed Sigmund
  1085 | D:2      | Reached skill level 4 in Axes
  1085 | D:2      | Reached XP level 4. HP: 37/37 MP: 4/4
  1085 | D:2      | Gained mutation: A weak demonic guardian rushes to your
                  | aid. [demonic ancestry]
  1085 | D:2      | Reached XP level 5. HP: 42/42 MP: 5/5
  1591 | D:2      | Found an ancient bone altar of Kikubaaqudgha.
  1599 | D:2      | Reached XP level 6. HP: 37/48 MP: 6/6
  1608 | D:2      | Reached skill level 1 in Stealth
  1832 | D:3      | Reached skill level 1 in Slings
  1919 | D:3      | Reached *** piety under Trog
  2016 | D:3      | Found a burning altar of Makhleb.
  2393 | D:3      | Found a hide-covered altar of Uskayaw.
  2435 | D:3      | Reached skill level 5 in Axes
  2474 | D:3      | Found a blossoming altar of Fedhas.
  2919 | D:4      | Found a basalt altar of Yredelemnul.
  2927 | D:4      | Noticed Menkaure
  2932 | D:4      | Killed Menkaure
  2932 | D:4      | Gained mutation: You are partially covered in iridescent
                  | scales. (AC +2) [demonic ancestry]
  2932 | D:4      | Reached XP level 7. HP: 44/55 MP: 7/7
  3015 | D:4      | Found a glowing golden altar of the Shining One.
  3274 | D:4      | Found a deep blue altar of Sif Muna.
  3274 | D:4      | Noticed Duvessa
  3274 | D:4      | Noticed Dowan
  3283 | D:4      | Killed Duvessa
  3293 | D:4      | Killed Dowan
  3293 | D:4      | Reached skill level 6 in Axes
  3891 | D:5      | Entered Level 5 of the Dungeon
  3958 | D:5      | Reached skill level 5 in Fighting
  4076 | D:5      | Reached **** piety under Trog
  4333 | D:5      | Noticed Ijyb
  4341 | D:5      | Killed Ijyb
  4341 | D:5      | Gained mutation: You have sharp fingernails. [demonic
                  | ancestry]
  4341 | D:5      | Reached XP level 8. HP: 59/62 MP: 8/8
  5365 | D:6      | Found Peppul's Magic Scroll Emporium.
  5367 | D:6      | Noticed Blork the orc
  5380 | D:6      | Killed Blork the orc
  5696 | D:6      | Found a bloodstained altar of Trog.
  5795 | D:6      | Noticed Pikel
  5810 | D:6      | Killed Pikel
  5810 | D:6      | Reached skill level 7 in Axes
  6414 | D:7      | Reached skill level 5 in Armour
  6414 | D:7      | Gained mutation: You are mostly covered in iridescent
                  | scales. (AC +4) [demonic ancestry]
  6414 | D:7      | Reached XP level 9. HP: 67/69 MP: 9/9
  6597 | D:7      | Found a white marble altar of Elyvilon.
  6984 | D:7      | Found a staircase to the Ecumenical Temple.
  7123 | D:7      | Found a shattered altar of Ashenzari.
  7213 | D:7      | Reached skill level 8 in Axes
  7482 | D:8      | Found Viric's Gadget Boutique.
  7609 | D:8      | Reached ***** piety under Trog
  7640 | D:8      | Received a gift from Trog
  7653 | D:8      | Noticed Harold
  7726 | D:8      | Killed Harold
  8071 | D:8      | Noticed a two-headed ogre
  8094 | D:8      | Killed a two-headed ogre
  8094 | D:8      | Reached skill level 9 in Axes
  8094 | D:8      | Reached XP level 10. HP: 77/77 MP: 10/10
  8191 | D:8      | Received a gift from Trog
  8454 | D:9      | Noticed a fire dragon
  8469 | D:10     | Entered Level 10 of the Dungeon
  8717 | D:9      | Found a sacrificial altar of Ru.
  9418 | D:10     | Received a gift from Trog
  9651 | D:10     | Reached skill level 10 in Axes
  9656 | D:10     | HP: 2/79 [orc warrior/trident (18)]
  9657 | D:10     | Slain by an orc warrior

Skill      XL: |  1  2  3  4  5  6  7  8  9 10 |
---------------+-------------------------------+-----
Axes           | 3 4 5 6 7 9 10 | 10.0
Dodging        | 2 3 4 |  4.9
Fighting       | 4 5 6 7 |  7.4
Stealth        | 1 |  1.0
Slings         | 1 2 3 |  3.7
Armour         | 2 3 5 6 8 |  8.5
Maces & Flails | |  0.1
Evocations     | |  0.4

Action                   |  1- 3 |  4- 6 |  7- 9 | 10-12 || total
-------------------------+-------+-------+-------+-------++-------
Melee: Hand axe          |   113 |   164 |       |       ||   277
       War axe           |       |    15 |   379 |   255 ||   649
       Great mace        |       |       |       |     9 ||     9
 Fire: Hunting sling     |     5 |     4 |    61 |     9 ||    79
Throw: Stone             |       |       |     3 |       ||     3
Invok: Berserk           |     5 |     2 |     8 |     4 ||    19
       Trog's Hand       |       |     1 |     1 |     1 ||     3
Evoke: Wand              |       |       |     3 |       ||     3
  Use: Scroll            |     2 |     5 |     2 |     3 ||    12
       Potion            |       |       |       |     6 ||     6
 Stab: Sleeping          |     1 |       |     1 |       ||     2
  Eat: Chunk             |     4 |     8 |    22 |     6 ||    40
       Ration            |       |       |     1 |     1 ||     2
Armor: Animal skin       |    29 |    28 |       |       ||    57
       Leather armour    |       |    16 |    31 |       ||    47
       Ring mail         |       |    13 |    39 |       ||    52
       Scale mail        |       |       |    40 |   133 ||   173
Dodge: Dodged            |    95 |   143 |   214 |   231 ||   683
